Map: 資料C

Players

Nice

  • Race: Protoss Protoss
  • Spawn Location: 9:00

GungFuBanDa - Winner!

  • Race: Protoss Protoss
  • Spawn Location: 3:00

Event: DreamHack SC2 Masters 2022 Atlanta (Offline)

VOD

Have the link to the VOD?

Description

Time

  • Played on: Nov. 18, 2022, 1:11 p.m.
  • Length: 7:25

All games in this series

Show
View Real Time Build Order
Export as new Build Order

Nice Protoss 

Build Orders: 1 Gate Expand, Proxy Void Ray 

Get SALT Encoding   

  12  0:00  Probe  
  13  0:12  Probe  
  14  0:19  Pylon  
  14  0:24  Probe  
  15  0:37  Probe (Chrono Boost)  
  15  0:38  Gateway  
  16  0:48  Probe (Chrono Boost), Assimilator  
  17  0:53  Probe (Chrono Boost)  
  18  1:03  Probe  
  19  1:16  Probe  
  20  1:24  Nexus  
  20  1:34  Cybernetics Core  
  20  1:40  Assimilator  
  20  1:41  Probe  
  21  1:49  Pylon  
  21  1:53  Probe  
  22  2:05  Probe  
  22  2:08  Adept (Chrono Boost)  
  25  2:21  Probe  
  26  2:25  Stargate  
  26  2:28  Stalker (Chrono Boost)  
  26  2:33  Probe  
  26  2:36  Shield Battery  
  29  2:37  Probe  
  29  2:42  Warp Gate  
  30  2:50  Stalker  
  32  3:03  Shield Battery  
  36  3:21  Void Ray (Chrono Boost)  
  36  3:25  Forge  
  36  3:26  Stalker  
  35  3:32  Shield Battery  
  35  3:39  Pylon  
  35  3:40  Probe  
  40  3:57  Void Ray (Chrono Boost)  
  40  4:03  Probe x2  
  40  4:23  Photon Cannon  
  40  4:31  Photon Cannon  
  40  4:48  Photon Cannon  
  40  4:51  Zealot  
  42  4:55  Probe  
  42  4:56  Probe  
  44  5:04  Pylon  
  45  5:14  Probe  
  45  5:15  Void Ray (Chrono Boost)  
  45  5:18  Probe  
  47  5:26  Stalker  
  49  5:35  Photon Cannon  
  49  5:51  Gateway  
  49  6:00  Shield Battery, Void Ray (Chrono Boost)  
  49  6:08  Photon Cannon  
  49  6:25  Gateway  
  49  6:26  Photon Cannon  
  51  6:40  Void Ray (Chrono Boost)  
  51  6:45  Cybernetics Core  
  51  6:49  Sentry  
  52  7:05  Photon Cannon  
  52  7:07  Photon Cannon  
Show
View Real Time Build Order
Export as new Build Order

GungFuBanDa Protoss - Winner!

Build Orders: Blink Stalkers 

Get SALT Encoding   

  12  0:00  Probe  
  13  0:12  Probe  
  14  0:17  Pylon  
  14  0:24  Probe (Chrono Boost)  
  15  0:36  Probe (Chrono Boost), Gateway  
  16  0:44  Probe (Chrono Boost)  
  16  0:46  Assimilator  
  17  0:50  Probe  
  17  0:54  Assimilator  
  18  1:03  Probe (Chrono Boost)  
  19  1:08  Gateway  
  19  1:13  Probe (Chrono Boost)  
  19  1:18  Probe (Chrono Boost)  
  21  1:25  Cybernetics Core  
  21  1:30  Probe  
  22  1:37  Pylon  
  22  1:42  Probe  
  23  1:55  Probe  
  24  2:03  Robotics Facility  
  24  2:04  Warp Gate  
  24  2:07  Stalker  
  26  2:16  Stalker  
  28  2:24  Pylon  
  28  2:37  Adept  
  30  2:47  Adept  
  30  2:50  Warp Prism (Chrono Boost)  
  34  3:01  Probe  
  34  3:04  Shield Battery  
  33  3:13  Probe  
  32  3:24  Observer  
  32  3:25  Probe  
  32  3:26  Twilight Council  
  35  3:45  Gateway x2  
  34  3:53  Stalker  
  36  3:59  Blink (Chrono Boost)  
  36  4:18  Stalker  
  36  4:23  Pylon  
  38  4:25  Observer  
  36  4:41  Stalker x3  
  42  4:56  Stalker  
  44  5:12  Pylon  
  44  5:17  Stalker  
  44  5:20  Probe  
  47  5:32  Stalker x3  
  53  5:38  Pylon  
  53  5:51  Stalker  
  55  6:04  Stalker x2  
  55  6:08  Zealot  
  61  6:24  Stalker  
  63  6:27  Pylon  
  63  6:46  Stalker x3  
  67  7:02  Stalker  
Tags
 
Add a new tag
Caveats
  • Supply blocks, unpowered buildings, or Contaminate may cause inaccurate times.
  • Supply counts are checked every 10 seconds.